 Dungeon Crawl Stone Soup version 0.26-a0-651-gb41185065b (webtiles) character file.

Game seed: 8453115342764142879

(classic levelgen) 240680 EnegeticOcto the Champion of Chaos (level 18, 0/176 HPs)
             Began as a Deep Dwarf Fighter on Oct 9, 2020.
             Was the Champion of Makhleb.
             Killed from afar by a purple draconian (32 damage)
             ... with a bolt of dispelling energy
             ... on level 5 of the Depths.
             The game lasted 00:15:36 (15343 turns).

EnegeticOcto the Champion of Chaos (DDFi)          Turns: 15343, Time: 00:15:37

Health: 0/176      AC: 30    Str: 34    XL:     18   Next: 13%
Magic:  17/17      EV: 16    Int: 13    God:    Makhleb [******]
Gold:   709        SH: 20    Dex: 18    Spells: 17/17 levels left

rFire    + . .     SeeInvis .   Q - +9 war axe (freeze)
rCold    + . .     Faith    .   c - +0 kite shield
rNeg     + . .     Spirit   .   O - +0 storm dragon scales
rPois    .         Reflect  +   C - +0 helmet
rElec    +         Harm     .   R - +2 cloak
rCorr    .         Rampage  .   I - +0 pair of gloves of Egalitarianism {*Contam +Inv rF+}
MR       ++...                  g - +2 pair of boots
Stlth    ..........             B - amulet of Roch {Reflect Str+7 Int+3 Dex+6 SH+5}
HPRegen  0.00/turn              w - ring of protection from cold
MPRegen  0.15/turn              y - +4 ring of protection

@: non-regenerating, lightly drained
A: damage resistance, heal wounds, negative energy resistance 1, sense
surroundings 3, no regeneration
}: 3/15 runes: serpentine, barnacled, abyssal
a: Heal Wounds, Minor Destruction, Lesser Servant of Makhleb, Major Destruction,
Greater Servant of Makhleb, Renounce Religion, Evoke Invisibility


You were on level 5 of the Depths.
You worshipped Makhleb.
Makhleb was exalted by your worship.
You visited 6 branches of the dungeon, and saw 33 of its levels.
You visited the Abyss 1 time.
You also visited: Ossuary, Gauntlet and Ice Cave.

You collected 1339 gold pieces.
You spent 630 gold pieces at shops.

Inventory:

Hand Weapons
 a - a +1 war axe of draining
 i - a +2 hand axe of distortion
 Q - a +9 war axe of freezing (weapon)
Missiles
 q - 4 throwing nets (quivered)
Armour
 c - a +0 kite shield (worn)
 g - a +2 pair of boots (worn)
 C - a +0 helmet (worn)
 I - the +0 pair of gloves of Egalitarianism (worn) {*Contam +Inv rF+}
   (You found it in a Gauntlet)

   It protects you from fire.
   It lets you turn invisible.
   It causes magical contamination when unequipped.
 K - a +9 plate armour of ponderousness
 O - +0 storm dragon scales (worn)
 R - a +2 cloak (worn)
 S - the cursed +0 pair of gloves of Funiodu {*Slow rElec Str-3 Stlth+}
   (You found it on level 4 of the Snake Pit)

   It affects your strength (-3).
   It insulates you from electricity.
   It may slow you when you take damage.
   It makes you more stealthy.
   It has a curse placed upon it.
Jewellery
 j - an uncursed ring of poison resistance
 m - an uncursed ring of see invisible
 w - a ring of protection from cold (left hand)
 y - a +4 ring of protection (right hand)
 B - the amulet of Roch (around neck) {Reflect Str+7 Int+3 Dex+6 SH+5}
   (You found it on level 9 of the Dungeon)

   [amulet of reflection]

   It shields you and reflects attacks.
   It affects your strength (+7).
   It affects your intelligence (+3).
   It affects your dexterity (+6).
   It affects your SH (+5).
 F - an uncursed ring of resist corrosion
 M - an uncursed amulet of the acrobat
Wands
 l - a wand of paralysis (10)
 n - a wand of disintegration (40)
 s - a wand of iceblast (32) {@v2}
 t - a wand of enslavement (28)
 A - a wand of polymorph (9)
Scrolls
 b - 2 scrolls of fear
 e - 10 scrolls of remove curse {@r2}
 f - 6 scrolls of teleportation {@r3}
 h - 5 scrolls of magic mapping {@r5}
 o - 6 scrolls of identify {@r1}
 E - 6 scrolls of blinking
 J - a scroll of fog
 N - 3 scrolls of immolation {@r4}
 T - a scroll of brand weapon
Potions
 d - a potion of might {@q3}
 k - 9 potions of curing {@q1}
 p - 6 potions of haste {@q4}
 r - 4 potions of ambrosia
 u - a potion of berserk rage
 v - 5 potions of stabbing {@q5}
 x - 2 potions of heal wounds {@q2}
 z - 2 potions of magic
 G - a potion of cancellation
 L - 3 potions of mutation
Miscellaneous
 D - a box of beasts (3/3)
 H - a tin of tremorstones (3/3)


   Skills:
 * Level 14.6(14.0) Fighting
 - Level 16.0(15.4) Axes
 + Level 14.6(14.0) Armour
 + Level 9.5(9.0) Dodging
 + Level 14.7(14.1) Shields
 + Level 16.3(15.7) Invocations
 - Level 10.0(9.4) Evocations


You had 17 spell levels left.
You didn't know any spells.
Your spell library was empty.

Dungeon Overview and Level Annotations

Branches:
Dungeon (15/15)            Temple (1/1) D:5            Lair (4/6) D:10
 Shoals (4/4) Lair:4        Snake (4/4) Lair:4          Orc (0/2) D:10
 Vaults (0/5) D:14         Depths (5/5) D:15            Zot (0/5) Depths:5
Ossuary (visited)           IceCv (visited)         Gauntlet (visited)

Altars:
Ashenzari
Cheibriados
Dithmenos
Elyvilon
Fedhas
Hepliaklqana
Kikubaaqudgha
Makhleb
Nemelex Xobeh
Qazlal
Ru
Sif Muna
Trog
Vehumet
Xom
Yredelemnul
Zin
The Shining One

Shops:
D:13 [

Portals:
Hell: Depths:5

Annotations:
D:5 2 transporters, 1 exclusion, kae's ghost, novice DrTm
Lair:2 1 runed translucent door, btv's ghost, journeyman HOFi
Shoals:2 3 runed translucent doors, EnegeticOcto's ghost, journeyman DDFi; donkeybrains's ghost, journeyman MiFi


Innate Abilities, Weirdness & Mutations

You are resistant to damage.
You can heal yourself by infusing magical energy.
You resist negative energy. (rN+)
You passively map a large area around you.
You do not regenerate.


Message History

The shadow dragon claws you but does no damage.
The shadow dragon closely misses you.
You closely miss the storm dragon.
The storm dragon is almost dead.
You slash the ice dragon!
You hit the purple draconian but do no damage.
You hit the shadow dragon but do no damage.
You block the ice dragon's attack. x2; The ice dragon misses you.
The yellow draconian annihilator points at you and mumbles some strange words.
The bolt of lightning misses you.
The bolt of lightning hits the storm dragon.
The storm dragon completely resists.
The storm dragon bites you. The storm dragon barely misses you.
You block the storm dragon's attack. The shadow dragon misses you.
The shadow dragon claws you!
The shadow dragon claws you but does no damage.
The white draconian breathes frost at you.
The chilling blast hits the shadow dragon.
The shadow dragon completely resists.
The chilling blast hits you! You resist.
The purple draconian hits you but does no damage.
You closely miss the storm dragon.
The storm dragon is almost dead.
You slash the shadow dragon! You freeze the shadow dragon.
You slash the purple draconian!
The purple draconian seems to slow down.
You freeze the purple draconian. You barely miss the ice dragon.
The ice dragon breathes frost at you. The blast of cold hits you! You resist.
The storm dragon bites you! The storm dragon misses you.
You block the storm dragon's attack.
You hit the purple draconian.
The purple draconian seems to slow down.
You freeze the purple draconian.
The purple draconian is almost dead.
You slash the shadow dragon! You freeze the shadow dragon.
You completely miss the storm dragon.
You hit the ice dragon but do no damage.
The shadow dragon barely misses you. You block the shadow dragon's attack.
The shadow dragon claws you but does no damage.
The white draconian hits you from afar with a +1 glaive of freezing!
The white draconian freezes you. The ice dragon closely misses you.
The ice dragon barely misses you. You block the ice dragon's attack.
The storm dragon bites you!
The storm dragon claws you but does no damage.
The storm dragon misses you.
The purple draconian hits you but does no damage.
You barely miss the purple draconian.
The purple draconian is almost dead.
You hit the shadow dragon but do no damage.
You slash the storm dragon! You freeze the storm dragon.
You kill the storm dragon!
Makhleb accepts your kill.
You feel better.
You barely miss the ice dragon.
The yellow draconian annihilator points at you and mumbles some strange words.
The iron shot hits you!!!
* * * LOW HITPOINT WARNING * * *
You block the shadow dragon's attack. x3
The white draconian hits you from afar with a +1 glaive of freezing!
* * * LOW HITPOINT WARNING * * *
The ice dragon misses you. You block the ice dragon's attack.
The ice dragon completely misses you.
You are too injured to fight recklessly!
You are too injured to fight recklessly!
You are too injured to fight recklessly!
You are too injured to fight recklessly!
You are too injured to fight recklessly!
You are too injured to fight recklessly!
You are too injured to fight recklessly!
You are too injured to fight recklessly!
You are too injured to fight recklessly!
You are too injured to fight recklessly!
You are too injured to fight recklessly!
You are too injured to fight recklessly!
You are too injured to fight recklessly!
You are too injured to fight recklessly!
You are too injured to fight recklessly!
You are too injured to fight recklessly!
You are too injured to fight recklessly!
You are too injured to fight recklessly!
You are too injured to fight recklessly!
You are too injured to fight recklessly!
You are too injured to fight recklessly!
You are too injured to fight recklessly!
You are too injured to fight recklessly!
You are too injured to fight recklessly!
You are too injured to fight recklessly!
You are too injured to fight recklessly!
You are too injured to fight recklessly!
You are too injured to fight recklessly!
You are too injured to fight recklessly!
You are too injured to fight recklessly!
You are too injured to fight recklessly!
You are too injured to fight recklessly!
You feel much better.
The yellow draconian annihilator seems less brilliant.
The yellow draconian annihilator casts a spell at you.
The crystal spear hits you!!
* * * LOW HITPOINT WARNING * * *
You block the shadow dragon's attack. x3
The purple draconian breathes dispelling energy at you.
The bolt of dispelling energy hits you!!
You die...

,,,,,,,,,,,,*,,^,,,,,*,,,***,,,,,
,,,,,,,,,...............,,**,,,,,
*,,,,,,,,......⌠(......∩,,**,,,,,
*,,,,,,,,..............,,,****,,,
*,,,,,,,,............#,,,** *,,,
#.......#*#..........#********,,,
#.......###....d....#####**,,,,,,
#..............dDe.##....,,,,,,,,
................@D##.....,,,,,,,,
................(##......,,,,,<,,
,.............q..#.......,,,,,,,,
**#..)...................,,,,,,,,
* #(..........^..........,,,,,,,,
##))<)..................,,,,,,,,
#.)(()..#)..............,,,,,,,,
*#.))†)..#.).............,,,,,,,,
#.....)..)($...##........,,,***,,


You could see a shadow dragon, a purple draconian (slow, catching breath), a
white draconian, an ice dragon, a yellow draconian annihilator and a deep elf
high priest (brilliance aura).

Vanquished Creatures
  Boris (Depths:3)
  Vashnia (Snake:2)
  Saint Roka (Snake:2)
  Bai Suzhen (Shoals:3)
  A kraken (Shoals:2)
  Gastronok (Lair:3)
  Kirke (Snake:3)
  2 storm dragons
  A fire giant (Depths:5)
  3 frost giants
  6 nagarajas
  A draconian annihilator (Depths:5)
  3 stone giants
  2 black draconians (Depths:5)
  2 purple draconians (Depths:5)
  2 fire dragons (Depths:5)
  2 crystal guardians (Abyss:4)
  A merfolk javelineer (Shoals:4)
  5 merfolk impalers (Shoals:4)
  2 yaktaur captains
  A rakshasa (Depths:3)
  Josephine (D:15)
  A great orb of eyes (Depths:3)
  A great orb of eyes (shapeshifter) (Abyss:4)
  4 hydras
  3 ice dragons
  A spriggan air mage (Depths:3)
  A catoblepas (Lair:4)
  11 naga warriors
  2 merfolk avatars
  3 centaur warriors
  5 merfolk aquamancers
  2 death knights (D:14)
  6 anacondas
  2 alligators (shapeshifter)
  7 death yaks
  A deep troll earth mage (Depths:3)
  8 two-headed ogres
  4 deep troll shamans
  7 thrashing horrors (Abyss:4)
  3 spriggan berserkers (Depths:5)
  3 tengu warriors
  17 naga sharpshooters
  An iron troll (Depths:5)
  A skeletal warrior (D:14)
  7 sea snakes
  9 unseen horrors
  7 deep trolls
  6 naga ritualists (Snake:4)
  Pikel (D:9)
  A deep elf mage (D:13)
  2 wizards
  3 phantasmal warriors (D:14)
  16 ugly things
  5 harpies
  A harpy (shapeshifter) (D:15)
  An orc sorcerer (Snake:2)
  A cyclops (Shoals:2)
  5 manticores
  A mana viper (Snake:4)
  3 merfolk sirens (Shoals:4)
  4 salamanders
  11 elephants
  An ice statue (IceCv)
  15 naga magi
  11 black mambas
  3 guardian serpents
  3 guardian serpents (shapeshifter) (Abyss:4)
  3 water nymphs
  An apocalypse crab (Gauntlet)
  6 cane toads
  5 yaktaurs (Depths:5)
  2 rime drakes
  A kobold demonologist (D:11)
  2 freezing wraiths
  2 komodo dragons
  3 tengu conjurers (Depths:2)
  6 trolls
  A wind drake (shapeshifter) (D:15)
  24 merfolk
  A queen bee (shapeshifter) (Depths:3)
  A wind drake (Shoals:2)
  2 hornets (Depths:5)
  18 polar bears (IceCv)
  5 snapping turtles
  10 hippogriffs
  10 slime creatures
  2 dream sheep (Shoals:2)
  A hippogriff (shapeshifter) (D:15)
  2 centaur simulacra (Gauntlet)
  4 water elementals
  A tarantella (shapeshifter) (Depths:5)
  A spriggan (shapeshifter) (D:15)
  Sigmund (D:5)
  2 shadows
  2 spriggans (Depths:5)
  12 wraiths
  38 yaks
  A wyvern (D:13)
  3 basilisks (Lair:3)
  Eustachio (D:5)
  7 hogs (Snake:3)
  15 vampire mosquitoes
  2 wargs (D:10)
  22 nagas
  Edmund (D:5)
  An acid dragon (Gauntlet)
  6 water moccasins
  10 orc warriors
  10 porcupines
  A sky beast (D:8)
  6 ice beasts
  5 ogres
  2 black bears
  A black bear (shapeshifter) (D:15)
  7 boggarts
  2 phantoms
  12 wolves (IceCv)
  8 centaurs
  9 crocodiles
  Blork the orc (D:6)
  A wyvern zombie (Ossuary)
  15 bullfrogs
  2 wyvern skeletons
  5 scorpions
  A hornet simulacrum (Gauntlet)
  3 killer bees (D:13)
  An electric eel (Lair:2)
  17 wights
  4 bullfrog zombies
  A quasit (D:8)
  3 centaur zombies
  3 jellies
  A wyvern simulacrum (Gauntlet)
  7 hounds
  Crazy Yiuf (D:4)
  A gnoll shaman (D:7)
  8 orc priests
  2 centaur skeletons
  A bullfrog skeleton (D:11)
  5 iguanas
  9 worker ants
  7 mummies (Ossuary)
  7 orc wizards
  2 howler monkey zombies
  3 worker ant zombies
  12 gnolls
  4 adders
  2 shadow imps
  3 white imps
  An ooze (D:4)
  5 adder zombies (Ossuary)
  3 adder skeletons
  3 worms
  3 leopard geckos
  53 orcs
  2 bats (D:2)
  3 giant cockroaches (D:5)
  3 goblins
  2 hobgoblins
  3 jackals (D:4)
  7 quokkas
  A ball python (D:6)
  A frilled lizard (D:2)
  2 giant cockroach zombies (Ossuary)
  3 kobolds
  A quokka skeleton (D:7)
  A rat (D:5)
  2 lurking horrors (Abyss:4)
  3 tentacles (Shoals:2)
787 creatures vanquished.

Vanquished Creatures (collateral kills)
  A minotaur (Gauntlet)
  2 spark wasps (Depths:3)
  3 merfolk impalers (Shoals:4)
  A deep troll shaman (Depths:5)
  2 naga sharpshooters
  An unseen horror (D:11)
  A deep troll (Depths:5)
  A mana viper (Snake:4)
  3 naga magi
  A black mamba (Snake:4)
  A yaktaur (shapeshifter) (Depths:5)
  3 merfolk (Shoals:4)
  A basilisk (Lair:3)
  A naga (Snake:4)
  An orc warrior (Snake:2)
  A big kobold (D:11)
  An orc wizard (D:11)
  2 orcs
  2 kobolds (D:11)
29 creatures vanquished.

Vanquished Creatures (others)
  A fire giant (Depths:3)
  A manticore (Shoals:3)
  2 naga magi (Snake:4)
  A naga (Snake:4)
  34 fungi
  71 plants
  4 tentacles (Shoals:2)
  7 withered plants
121 creatures vanquished.

Grand Total: 937 creatures vanquished

Notes
Turn   | Place    | Note
-------+----------+-------------------------------------------
     0 | D:1      | EnegeticOcto the Deep Dwarf Fighter began the quest for the
                  | Orb.
     0 | D:1      | Reached XP level 1. HP: 20/20 MP: 1/1
    68 | D:2      | Reached XP level 2. HP: 27/27 MP: 2/2
   127 | D:2      | Reached XP level 3. HP: 30/33 MP: 2/2
   315 | D:4      | Noticed a phantom
   325 | D:4      | Found a blossoming altar of Fedhas.
   332 | D:4      | Found an ancient bone altar of Kikubaaqudgha.
   376 | D:4      | Killed a phantom
   376 | D:4      | Reached XP level 4. HP: 33/42 MP: 2/2
   386 | D:4      | Reached XP level 5. HP: 34/49 MP: 3/3
   706 | D:4      | Reached XP level 6. HP: 26/57 MP: 4/4
   720 | D:4      | Found a runed translucent door.
   721 | D:4      | Noticed Crazy Yiuf
   886 | D:4      | Killed Crazy Yiuf
   926 | D:5      | Entered Level 5 of the Dungeon
   926 | D:5      | Found a staircase to the Ecumenical Temple.
   956 | Temple   | Entered the Ecumenical Temple
   995 | Temple   | Became a worshipper of Makhleb the Destroyer
  1103 | D:5      | Noticed Edmund
  1119 | D:5      | Killed Edmund
  1119 | D:5      | Reached skill level 5 in Axes
  1119 | D:5      | Reached skill level 1 in Invocations
  1285 | D:5      | Noticed Sigmund
  1301 | D:5      | Killed Sigmund
  1301 | D:5      | Reached skill level 5 in Armour
  1301 | D:5      | Reached XP level 7. HP: 26/64 MP: 6/6
  1353 | D:5      | Found a transporter.
  1377 | D:5      | Noticed kae's ghost (novice DrTm)
  1390 | D:5      | Found a transporter.
  1421 | D:5      | Reached skill level 5 in Shields
  1542 | D:5      | Noticed Eustachio
  1561 | D:5      | Killed Eustachio
  1852 | D:6      | Reached * piety under Makhleb
  1909 | D:6      | Reached XP level 8. HP: 41/73 MP: 7/7
  1917 | D:6      | Noticed Blork the orc
  1926 | D:6      | Killed Blork the orc
  2612 | D:7      | Reached skill level 5 in Fighting
  2627 | D:7      | Reached ** piety under Makhleb
  2656 | D:7      | Found a sacrificial altar of Ru.
  2788 | D:7      | Found a sand-covered staircase.
  2795 | Ossuary  | Entered an ossuary
  2835 | Ossuary  | Reached skill level 5 in Invocations
  2845 | Ossuary  | Gained mutation: You passively map the area around you.
                  | [Deep Dwarf growth]
  2845 | Ossuary  | Reached XP level 9. HP: 54/81 MP: 8/8
  3091 | D:7      | Found a shimmering altar of Xom.
  3110 | D:7      | Found a stormy altar of Qazlal.
  3370 | D:8      | Found a stormy altar of Qazlal.
  3389 | D:8      | Reached *** piety under Makhleb
  3459 | D:8      | Found a basalt altar of Yredelemnul.
  3565 | D:8      | Found a shadowy altar of Dithmenos.
  3581 | D:8      | Noticed a two-headed ogre
  3606 | D:8      | Killed a two-headed ogre
  3965 | D:8      | Found a white marble altar of Elyvilon.
  4052 | D:9      | Noticed a troll
  4078 | D:9      | Killed a troll
  4078 | D:9      | Reached XP level 10. HP: 53/91 MP: 9/11
  4215 | D:9      | Noticed Pikel
  4260 | D:9      | Killed Pikel
  4260 | D:9      | Reached skill level 10 in Axes
  4329 | D:9      | Got a smoking lead amulet
  4344 | D:9      | Reached **** piety under Makhleb
  4360 | D:9      | Identified the amulet of Roch {Reflect Str+7 Int+3 Dex+6
                  | SH+5} (You found it on level 9 of the Dungeon)
  4622 | D:10     | Entered Level 10 of the Dungeon
  4645 | D:10     | Noticed a two-headed ogre
  4661 | D:10     | Killed a two-headed ogre
  4781 | D:10     | Found a staircase to the Orcish Mines.
  4853 | D:10     | Found a staircase to the Lair.
  5151 | D:11     | Reached XP level 11. HP: 93/100 MP: 13/13
  5180 | D:11     | Noticed an unseen horror
  5188 | D:11     | Killed an unseen horror
  5224 | D:11     | Noticed a two-headed ogre
  5241 | D:11     | Killed a two-headed ogre
  5301 | D:11     | Reached ***** piety under Makhleb
  5349 | D:11     | Found a gate leading to a gauntlet.
  5366 | Gauntlet | Entered a Gauntlet
  5366 | Gauntlet | Found a transporter.
  5366 | Gauntlet | Found a transporter.
  5366 | Gauntlet | Found a transporter.
  5367 | Gauntlet | Found a transporter.
  5375 | Gauntlet | Found a transporter.
  5375 | Gauntlet | Found a transporter.
  5413 | Gauntlet | Found a transporter.
  5413 | Gauntlet | Found a transporter.
  5413 | Gauntlet | Noticed an oklob plant
  5534 | Gauntlet | Noticed a catoblepas
  5553 | Gauntlet | Found a transporter.
  5556 | Gauntlet | Got a brightly glowing silver ring
  5566 | Gauntlet | Identified the ring "Sela" {MR+ Str+4} (You found it in a
                  | Gauntlet)
  5578 | Gauntlet | Noticed a minotaur
  5592 | Gauntlet | Killed a minotaur
  5606 | Gauntlet | Got a pair of warped gloves
  5612 | Gauntlet | Identified the +0 pair of gloves of Egalitarianism {*Contam
                  | +Inv rF+} (You found it in a Gauntlet)
  5651 | D:11     | Noticed a two-headed ogre
  5668 | D:11     | Killed a two-headed ogre
  5820 | D:11     | Noticed a deep troll
  5825 | D:11     | Noticed a spark wasp
  5825 | D:11     | a slime creature changed into a spark wasp
  5831 | D:11     | Noticed a satyr
  5831 | D:11     | a spark wasp changed into a satyr
  5836 | D:11     | Noticed a spark wasp
  5836 | D:11     | a satyr changed into a spark wasp
  5842 | D:11     | Noticed a six-headed hydra
  5842 | D:11     | a spark wasp changed into a six-headed hydra
  5844 | D:11     | Noticed a catoblepas
  5844 | D:11     | an eight-headed hydra changed into a catoblepas
  5854 | D:11     | Noticed a ghost moth
  5854 | D:11     | a catoblepas changed into a ghost moth
  5859 | D:11     | Noticed an ice dragon
  5859 | D:11     | a ghost moth changed into an ice dragon
  5864 | D:11     | Noticed an ettin
  5864 | D:11     | an ice dragon changed into an ettin
  5865 | D:11     | Noticed an alligator
  5865 | D:11     | an ettin changed into an alligator
  5882 | D:11     | Killed an alligator
  5895 | D:11     | Killed a deep troll
  6013 | D:11     | Noticed a red ugly thing
  6033 | D:11     | Killed a red ugly thing
  6075 | D:12     | Found a hazy altar of Hepliaklqana.
  6450 | D:12     | Noticed an unseen horror
  6456 | D:12     | Killed an unseen horror
  6497 | D:12     | Reached XP level 12. HP: 95/110 MP: 9/9
  6827 | D:13     | Noticed a two-headed ogre
  6838 | D:13     | Killed a two-headed ogre
  6891 | D:13     | Found Cheibriados's Comfort Zone.
  6891 | D:13     | Found a snail-covered altar of Cheibriados.
  6900 | D:13     | Reached skill level 10 in Invocations
  7582 | D:13     | Bought a +9 plate armour of ponderousness for 630 gold
                  | pieces
  7774 | D:14     | Reached skill level 10 in Shields
  7804 | D:14     | Found a sacrificial altar of Ru.
  7863 | D:14     | Noticed a death knight
  7890 | D:14     | Killed a death knight
  7890 | D:14     | Reached skill level 10 in Armour
  7890 | D:14     | Noticed a two-headed ogre
  7890 | D:14     | Paralysed by a wizard for 7 turns
  7912 | D:14     | Killed a two-headed ogre
  7945 | D:14     | Found a gate to the Vaults.
  8075 | D:14     | Noticed a death knight
  8112 | D:14     | Killed a death knight
  8163 | D:14     | Noticed a two-headed ogre
  8171 | D:14     | Killed a two-headed ogre
  8232 | D:14     | Found a snail-covered altar of Cheibriados.
  8242 | D:14     | Noticed a centaur warrior
  8244 | D:14     | Noticed a centaur warrior
  8251 | D:14     | Killed a centaur warrior
  8252 | D:14     | Reached XP level 13. HP: 121/121 MP: 10/10
  8613 | D:15     | Entered Level 15 of the Dungeon
  8696 | D:15     | Noticed Josephine
  8723 | D:15     | Reached ****** piety under Makhleb
  8724 | D:15     | Killed Josephine
  8835 | D:15     | Found a staircase to the Depths.
  9263 | D:15     | Reached skill level 15 in Axes
  9469 | Lair:1   | Entered Level 1 of the Lair of Beasts
  9625 | Lair:2   | Gained mutation: You resist negative energy. (rN+) [Deep
                  | Dwarf growth]
  9625 | Lair:2   | Reached XP level 14. HP: 130/130 MP: 12/12
  9693 | Lair:2   | Found a frozen archway.
  9755 | IceCv    | Entered an ice cave
  9850 | IceCv    | Reached skill level 10 in Fighting
 10212 | IceCv    | Noticed a frost giant
 10265 | IceCv    | Killed a frost giant
 10316 | Lair:2   | Found a runed translucent door.
 10320 | Lair:2   | Noticed btv's ghost (journeyman HOFi)
 10368 | Lair:2   | Reached skill level 1 in Dodging
 10368 | Lair:2   | Reached skill level 1 in Evocations
 10953 | Lair:3   | Noticed Gastronok
 10983 | Lair:3   | Killed Gastronok
 11643 | Lair:4   | Reached XP level 15. HP: 141/141 MP: 14/14
 11787 | Lair:4   | Found a staircase to the Snake Pit.
 11959 | Lair:4   | Found a staircase to the Shoals.
 12239 | Snake:1  | Entered Level 1 of the Snake Pit
 12577 | Snake:2  | Noticed Vashnia
 12613 | Snake:2  | Killed Vashnia
 12613 | Snake:2  | Reached skill level 5 in Evocations
 12649 | Snake:2  | Noticed a nagaraja
 12659 | Snake:2  | Killed a nagaraja
 12678 | Snake:2  | Noticed Saint Roka
 12706 | Snake:2  | Killed Saint Roka
 12736 | Snake:3  | Reached skill level 5 in Dodging
 12756 | Snake:3  | Noticed Kirke
 12785 | Snake:3  | Killed Kirke
 12821 | Snake:4  | Entered Level 4 of the Snake Pit
 13139 | Snake:4  | Noticed a nagaraja
 13141 | Snake:4  | Noticed a nagaraja
 13143 | Snake:4  | Noticed a nagaraja
 13145 | Snake:4  | Noticed a nagaraja
 13153 | Snake:4  | Killed a nagaraja
 13160 | Snake:4  | Reached XP level 16. HP: 115/152 MP: 15/15
 13269 | Snake:4  | Got a pair of jewelled gloves
 13278 | Snake:4  | Got a serpentine rune of Zot
 13280 | Snake:4  | Identified the cursed +0 pair of gloves of Funiodu {*Slow
                  | rElec Str-3 Stlth+} (You found it on level 4 of the Snake
                  | Pit)
 13470 | Shoals:1 | Entered Level 1 of the Shoals
 13620 | Shoals:2 | Found a runed translucent gate.
 13620 | Shoals:2 | Found a runed translucent gate.
 13756 | Shoals:2 | Reached skill level 15 in Invocations
 13817 | Shoals:2 | Found a runed translucent gate.
 13818 | Shoals:2 | Noticed donkeybrains's ghost (journeyman MiFi)
 13818 | Shoals:2 | Noticed EnegeticOcto's ghost (journeyman DDFi)
 13828 | Shoals:2 | Noticed a kraken
 13836 | Shoals:2 | Killed a kraken
 13903 | Shoals:3 | Noticed Bai Suzhen
 13953 | Shoals:3 | Killed Bai Suzhen
 13983 | Shoals:4 | Entered Level 4 of the Shoals
 14233 | Shoals:4 | Reached XP level 17. HP: 164/164 MP: 17/17
 14462 | Shoals:4 | Got a barnacled rune of Zot
 14717 | D:10     | Cast into level 3 of the Abyss (unwielding a weapon of
                  | distortion)
 14810 | Abyss:4  | Reached skill level 10 in Evocations
 14822 | Abyss:4  | Got an abyssal rune of Zot
 14831 | D:10     | Escaped the Abyss
 14988 | Depths:1 | Entered Level 1 of the Depths
 15136 | Depths:3 | Noticed Boris
 15166 | Depths:3 | Killed Boris
 15223 | Depths:5 | Entered Level 5 of the Depths
 15272 | Depths:5 | Gained mutation: You passively map a large area around you.
                  | [Deep Dwarf growth]
 15272 | Depths:5 | Reached XP level 18. HP: 176/176 MP: 17/17
 15312 | Depths:5 | Found a gateway to Hell.
 15320 | Depths:5 | Found a gate to the Realm of Zot.
 15343 | Depths:5 | Killed from afar by a purple draconian

Illustrated notes

Levels and vault maps discovered:
D:1:      saegor_arrival_simple_a, layout_rooms
D:2:      layout_basic, elyvilon_altar_5
D:3:      layout_basic
D:4:      layout_cave_pools, grunt_temple_overflow_growth_and_decay,
          serial_column_ruins, column_ruins_circle_medium,
          column_ruins_hut_ruined, column_ruins_open_medium,
          column_ruins_columns_straight, column_ruins_open_tiny,
          column_ruins_open_medium_water, uniq_crazy_yiuf_cottage
D:5:      layout_cave_pods, minmay_temple_entry_statues_pillars,
          gup_sewer_entry_spiral, gammafunk_ghost_stat_death, uniq_sigmund,
          uniq_edmund, uniq_eustachio
D:6:      layout_loops_ring, uniq_blork_the_orc
D:7:      layout_basic, grunt_qazlal_sundering, nicolae_ru_the_path_less_chosen,
          enter_ossuary_2, basic_altar
D:8:      layout_loops_ring, nicolae_overflow_hidden_temple,
          kennysheep_ying_yang, basic_altar
D:9:      layout_cave_pools, uniq_pikel
D:10:     layout_cave_pools, due_lair_maze_entry_diamond, erik_orc_4
D:11:     minmay_mutant_horseshoe, layout_cave_pools, gauntlet_entry_generic
D:12:     layout_big_octagon, basic_altar, serial_column_ruins,
          column_ruins_hut, column_ruins_hut, column_ruins_corridor_straight,
          column_ruins_open_tiny_water, column_ruins_columns_corner,
          column_ruins_grid_1
D:13:     layout_grid_maze, minmay_shop_chei
D:14:     layout_loops_cross, david_vaults_1, basic_altar, cheibriados_altar_1
D:15:     gammafunk_enter_depths_forms, layout_cave_pools, uniq_josephine
Temple:   regret_index_temple_waves
Lair:1:   layout_chaotic_city, cheibrodos_lair_caveside_slide,
          grunt_megastairs_4
Lair:2:   layout_cave_shapes, portal_ice_cave_entry_pillars_1,
          gammafunk_ghost_grave, chequers_serial_rivers_micro_c,
          infiniplex_staircase_pool
Lair:3:   layout_chaotic_city, kennysheep_basilisk_garden, uniq_gastronok
Lair:4:   layout_regular_city, minmay_shoals_entry_beasts, dummy_snake_entry
Shoals:1: layout_shoals
Shoals:2: layout_shoals, gammafunk_ghost_cemetery,
          nicolae_shoals_aquamancer_cove
Shoals:3: layout_shoals, nicolae_shoals_circle_sea_wall, uniq_bai_suzhen
Shoals:4: shoals_end_grunt_ice, layout_shoals, abandoned_shop
Snake:1:  layout_concentric_octagons
Snake:2:  layout_onion, uniq_saint_roka, uniq_vashnia
Snake:3:  layout_cave_town, uniq_roxanne, uniq_aizul, uniq_kirke
Snake:4:  snake_pit, layout_cave_town, nrook_guardian_serpent_ordinary
Depths:1: layout_honeycomb, bh_walls_and_bars, hangedman_coc_ice_floe,
          st_stairs_6, due_unseen_surprise, minmay_shop_star,
          serial_bayou_shore_b
Depths:2: thingy_vault_2, layout_cave_shapes, hell_entry,
          infiniplex_staircase_zigzag_3, hangedman_decor_cross_pass,
          minmay_shoptagon, uniq_asterion, uniq_mara
Depths:3: hangedman_arrow_trap, layout_gridlike, minmay_misc_feat_plants,
          hell_entry, grunt_pan_entry_zigzag, hangedman_decor_clover_reticule,
          infiniplex_staircase_pool_2, uniq_boris
Depths:4: grunt_profane_halls [grunt_profane_temple_tar,
          grunt_profane_temple_coc, grunt_profane_temple_dis,
          grunt_profane_temple_geh, grunt_profane_loot], serial_shops,
          hell_entry, abyss_entry
Depths:5: grunt_zot_entry_alcove, layout_cave_shapes, grunt_pan_entry_sceptre,
          hell_entry, minmay_misc_feat_nine_boxes

Skill      XL: |  1  2  3  4  5  6  7  8  9 10 11 12 13 14 15 16 17 |
---------------+----------------------------------------------------+-----
Axes           | 3 4 5 6 8 9 11 12 13 15 16 | 16.0
Fighting       | 3 4 5 6 7 8 9 11 12 13 14 | 14.6
Armour         | 4 5 6 7 8 9 10 11 12 13 14 | 14.6
Shields        | 4 5 6 7 8 9 10 11 12 13 14 | 14.7
Invocations    | 2 3 5 6 8 9 11 12 13 14 15 16 | 16.3
Dodging        | 3 5 7 9 |  9.5
Evocations     | 3 6 9 10 | 10.0

Action                   |  1- 3 |  4- 6 |  7- 9 | 10-12 | 13-15 | 16-18 || total
-------------------------+-------+-------+-------+-------+-------+-------++-------
Melee: War axe           |    81 |   109 |   457 |   774 |  1147 |   786 ||  3354
Invok: Lesser Servant of |       |       |       |     2 |     8 |    10 ||    20
       Greater Servant o |       |       |       |       |     2 |     1 ||     3
 Abil: Heal Wounds       |     3 |     2 |    20 |    22 |     4 |    15 ||    66
Evoke: Wand              |       |       |       |     2 |       |       ||     2
       Box of beasts     |       |       |       |       |       |     2 ||     2
       Tin of tremorston |       |       |       |       |       |     6 ||     6
  Use: Scroll            |       |       |    16 |     5 |    11 |     7 ||    39
       Potion            |       |       |       |       |       |     4 ||     4
 Stab: Paralysed         |       |       |       |     8 |       |       ||     8
       Distracted        |       |       |       |       |     4 |     5 ||     9
       Petrified         |       |       |       |       |     2 |       ||     2
Armor: Scale mail        |    24 |    32 |    69 |       |       |       ||   125
       Plate armour      |       |       |   192 |   333 |   569 |   420 ||  1514
       Storm dragon scal |       |       |       |       |       |   103 ||   103
Dodge: Dodged            |    23 |    33 |   116 |   104 |   247 |   404 ||   927
Block: Kite shield       |    43 |    78 |   319 |   657 |  1125 |   927 ||  3149
       Reflection        |       |       |       |     8 |    60 |    68 ||   136

Table legend: (Time is in decaauts)
 A = Elapsed time spent in this place.
 B = Non-inter-level travel time spent in this place.
 C = Inter-level travel time spent in this place.
 D = Time resting spent in this place.
 E = Time spent auto-exploring this place.
 F = Levels seen in this place.
 G = Mean time per level.
                   A        B        C        D        E       F      G
               +--------+--------+--------+--------+--------+-----+--------+
         Total |  15578 |  14159 |   1419 |    121 |   8931 |  38 |  409.9 |
       Dungeon |   9315 |   8607 |    708 |      0 |   6006 |  15 |  621.0 |
        Temple |     52 |     25 |     27 |      0 |     23 |   1 |   52.0 |
          Lair |   2521 |   2223 |    298 |      0 |   1827 |   4 |  630.2 |
        Shoals |   1132 |    975 |    157 |      0 |    329 |   4 |  283.0 |
     Snake Pit |   1143 |    951 |    192 |      0 |    480 |   4 |  285.8 |
        Depths |    303 |    269 |     34 |      0 |      0 |   5 |   60.6 |
         Abyss |    108 |    108 |      0 |      0 |     35 |   2 |   54.0 |
       Ossuary |    247 |    247 |      0 |      0 |      8 |   1 |  247.0 |
      Ice Cave |    509 |    509 |      0 |      0 |    210 |   1 |  509.0 |
      Gauntlet |    244 |    244 |      0 |    121 |     11 |   1 |  244.0 |
               +--------+--------+--------+--------+--------+-----+--------+

Top non-repeatable levels by time:
    D:13: 1206 daAuts
  Lair:4: 943 daAuts
    D:14: 932 daAuts
     D:5: 910 daAuts
    D:15: 813 daAuts
  Lair:3: 747 daAuts
     D:8: 735 daAuts
     D:6: 711 daAuts
    D:11: 710 daAuts
     D:4: 687 daAuts
  Lair:2: 626 daAuts
    D:12: 597 daAuts
     D:7: 594 daAuts
     D:9: 568 daAuts
    D:10: 566 daAuts
